Match 40615277
Unlisted

Match 40615277
End
Vickers Machine Gun Team
Construct Section Command Post
Selects Air and Sea Battlegroup
Infantry Section
Infantry Section
Construct Platoon Command Post
Selects Commando Section Paradrop
Selects Commando Support Section Paradrop
Commando Support Section Paradrop
CMP 15cwt Truck
Selects Naval Blockade
Unlock M3 Stuart Light Tanks
M3 Stuart Light Tank
Forward Retreat Point
Construct Company Command Post
Crusader II Medium Tank
Armored Vehicle Training
Infantry Section
Naval Blockade
Crusader II Medium Tank
Selects Anti-tank Rocket Loiter
Anti-tank Rocket Loiter
Exf
Gravey
FARM7D
GigaFrog
Tek
M4RS
JIN_47
ceremoney
0
0

Comments sign in to comment!

No comments posted yet!